Unix NetHack Version 3.7.0-102 Work-in-progress - last build Apr 6 2024 13:22:21 (d302a6a9ff6341f1a922d8f5af178406b35fdf99,branch:master). Game began 2024-05-02 19:25:34, ended 2024-05-02 20:48:49. fstd, neutral male human Wizard --------------- --- --- ------ |....--.--.|..-- .... ---.--- |....-- |....).......... .. --- |.....| |..|..---- |.................- |..| |.....-- --.|-....-- ----......(... ...-- |..---......--- |.| .....-- --.....)........| --.....)......| |..-......| --............-- #|............| |-.......-- |............- -)...........-| ..--- |.......-- -----|-............ -).*...)......| .)).. |%...-------...--............- .--#-.........-- -.... ---...- |............#-.....| |-.........| --..... --- --...|.--- --.........`.-#-.a.--|..------#---......--.-- |......----........|.*%.- -.<......)))..@a####..................|--- --.................|--.[. --.--.......|.--|....-------....|....| -.......--...---..--|...- --------.|.-----.---- |...----..| ----- |...---....-------.....|...|...| --..| ---- --..)||.-..........-------.|.--- |..| --.--|....--------- |....| |..| ---. ---..| ---- ---- Fstd the Thaumaturge St:11 Dx:15 Co:15 In:18 Wi:9 Ch:10 Neutral S:2084 Dlvl:5 $:104 HP:0(51) Pw:0(50) AC:6 Xp:6 T:2639 Latest messages: Your movements are now unencumbered. You are carrying too much to get through. You are carrying too much to get through. You see here a rock. It misses. You are hit. You are hit. You are hit. You are hit. You are hit. In what direction? l The spell hits it. You kill it! T - 3 crossbow bolts. There are several more objects here. There is a gnome corpse here; eat it? [ynq] (n) y This gnome corpse tastes okay. You finish eating the gnome corpse. U - a tin. The killer bee misses! You miss it. The killer bee misses! You miss it. The killer bee stings! The killer bee stings! In what direction? l The spell misses it. The spell misses it. The killer bee misses! In what direction? l The spell misses it. The spell misses it. The killer bee misses! The killer bee stings! You miss it. The killer bee stings! You miss it. The killer bee stings! The killer bee stings! The killer bee stings! There are several objects here. The killer bee stings! Are you sure you want to pray? [yn] (n) y You begin praying to Thoth. The killer bee stings! The killer bee stings! The killer bee stings! The killer bee stings! You die... Do you want your possessions identified? [ynq] (y) q Inventory: Coins ('$') $ - 104 gold pieces Weapons (')') T - 3 blessed +0 crossbow bolts a - a blessed +1 quarterstaff (weapon in hands) Armor ('[') u - an uncursed +0 helmet (being worn) s - an uncursed +0 orcish helm I - an uncursed rustproof +0 pair of iron shoes (being worn) b - a blessed +0 cloak of magic resistance (being worn) Comestibles ('%') o - 4 uncursed food rations v - an uncursed pear U - an uncursed tin of spinach K - an uncursed lichen corpse Scrolls ('?') B - a cursed scroll of enchant armor A - an uncursed scroll of enchant weapon t - a cursed scroll of enchant weapon h - 2 blessed scrolls of identify i - 2 uncursed scrolls of identify Spellbooks ('+') m - an uncursed spellbook of cause fear j - a blessed spellbook of force bolt k - an uncursed spellbook of healing Potions ('!') p - an uncursed potion of extra healing y - a blessed potion of healing g - an uncursed potion of healing C - a cursed potion of healing E - a cursed potion of healing f - an uncursed potion of levitation Rings ('=') e - an uncursed +1 ring of adornment q - an uncursed -1 ring of adornment d - an uncursed ring of searching D - an uncursed ring of stealth (on left hand) Wands ('/') L - an uncursed wand of make invisible (0:6) c - an uncursed wand of secret door detection (0:10) Tools ('(') P - an uncursed drum of earthquake (0:4) n - an uncursed blindfold l - an uncursed magic marker (0:21) r - an uncursed skeleton key Gems/Stones ('*') M - an uncursed worthless piece of black glass w - an uncursed worthless piece of red glass N - an uncursed worthless piece of yellowish brown glass Fstd the Wizard's attributes: Background: You were a Thaumaturge, a level 6 male human Wizard. You were neutral, on a mission for Thoth who was opposed by Ptah (lawful) and Anhur (chaotic). You were right-handed. You were in the Gnomish Mines, on level 5. You entered the dungeon 2639 turns ago. You had 412 experience points, 228 more were needed to attain level 7. Your score was 2084 before end-of-game adjustments. Basics: You had 0 out of 51 hit points. You had 0 out of 50 energy points (spell power). Your armor class was 6. Your wallet contained 104 zorkmids. Autopickup was on for '$"?!=+/(*' plus thrown, with exceptions. Final Characteristics: Your strength was 11 (limit:18/100). Your dexterity was 15 (limit:18). Your constitution was 15 (limit:18). Your intelligence was 18 (limit:18). Your wisdom was 9 (limit:18). Your charisma was 10 (limit:18). Final Status: You weren't hungry. You were unencumbered. You were wielding a quarterstaff. You had basic skill with quarterstaff and could have enhanced that. Final Attributes: You were piously aligned. You were magic-protected. You were poison resistant. You were stealthy. You were warded. You were unlucky. Thoth was angry with you. You are dead. Miscellaneous: You disabled loading of bones levels. Total elapsed playing time was 1 hour, 15 minutes and 6 seconds. Major events: Turn 1: fstd the neutral male human Wizard entered the dungeon 368: attained the rank of Conjurer (level 3) 984: entered the Gnomish Mines 2017: attained the rank of Thaumaturge (level 6) 2639: killed by a killer bee, while praying Vanquished creatures: a small mimic 3 imps a rock mole 6 fog clouds a yellow light a shrieker 4 gnome leaders 2 dwarves a rabid rat a giant bat 2 iguanas a hobbit a hobgoblin 3 giant rats 5 cave spiders 10 gnomes a gecko 4 jackals a kobold 4 goblins 2 grid bugs a lichen 3 kobold zombies 2 newts 61 creatures vanquished. No species were genocided or became extinct. Voluntary challenges: You were illiterate. You never engraved Elbereth. You never genocided any monsters. You never polymorphed an object. You never changed form. You used no wishes. Achievements: You attained the rank of Conjurer. You entered the Gnomish Mines. You entered a shop. You attained the rank of Thaumaturge. The Dungeons of Doom: levels 1 to 4 Level 1: Level 2: Level 3: "kat" A fountain, a grave. Level 4: Stairs down to The Gnomish Mines. The Gnomish Mines: Level 5: "pick" <- You were here. Final resting place for you, killed by a killer bee, while praying. Game over: ---------- / \ / REST \ / IN \ / PEACE \ / \ | fstd | | 104 Au | | killed by a | | killer bee | | | | | | 2024 | *| * * * | * _________)/\\_//(\/(/\)/\//\/|_)_______ Goodbye fstd the Wizard... You died in The Gnomish Mines on dungeon level 5 with 2074 points, and 104 pieces of gold, after 2639 moves. You were level 6 with a maximum of 51 hit points when you died.